 Dungeon Crawl Stone Soup version 0.22-a0-271-gc000056 (webtiles) character file.

123 UristPineapples the Magician (level 4, -6/30 HPs)
             Began as a Mummy Wizard on Nov 3, 2017.
             Killed from afar by an orc wizard (11 damage)
             ... with a puff of flame
             ... on level 3 of the Dungeon on Mar 10, 2018.
             The game lasted 00:22:30 (4291 turns).

UristPineapples the Magician (Mummy Wizard)         Turns: 4291, Time: 00:22:32

Health: -6/30      AC:  3    Str: 10    XL:     4   Next: 80%
Magic:  4/12       EV: 12    Int: 18    God:
Gold:   156        SH:  0    Dex: 10    Spells: 4/15 levels left

rFire    . . .     SeeInvis .   o - +0 blowgun
rCold    . . .     Gourm    .   (no shield)
rNeg     + + +     Faith    .   a - +0 robe
rPois    ∞         Spirit   .   b - +0 hat
rElec    .         Reflect  .   h - +0 cloak
rCorr    .         Harm     .   (no gloves)
MR       .....                  (no boots)
Stlth    ++........             (no amulet)
HPRegen  0.10/turn              l - ring of fire
MPRegen  0.13/turn              g - ring of flight

@: very slightly contaminated
A: no food or potions, fire vulnerability, cold resistance 1, negative energy
resistance 3, torment resistance, unbreathing
a: Evoke Flight


You were on level 3 of the Dungeon.
You were not hungry.

You visited 1 branch of the dungeon, and saw 3 of its levels.

You collected 156 gold pieces.

Inventory:

Hand Weapons
 m - a +1 dagger of venom
 o - a +0 blowgun (weapon)
Missiles
 c - 3 javelins
 d - 172 stones
 j - 3 needles of confusion
 n - 4 poisoned needles (quivered)
 q - 3 tomahawks of returning
Armour
 a - a +0 robe (worn)
 b - a +0 hat (worn)
 h - a +0 cloak (worn)
Jewellery
 g - a ring of flight (right hand)
 l - a ring of fire (left hand)
 p - an uncursed amulet of faith
Scrolls
 e - 2 scrolls of remove curse
 f - a scroll of amnesia
 i - a scroll of removedness
 k - a scroll of blinking {unknown}


   Skills:
 - Level 1.7 Dodging
 - Level 1.5 Stealth
 * Level 6.2 Spellcasting
 + Level 2.0 Conjurations
 - Level 0.7 Summonings
 - Level 0.7 Translocations


You had 4 spell levels left.
You knew the following spells:

 Your Spells              Type           Power        Failure   Level  Hunger
a - Magic Dart            Conj           ##..         4%          1    N/A
b - Call Imp              Summ           #.......     13%         2    N/A
c - Blink                 Tloc           N/A          13%         2    N/A
d - Mephitic Cloud        Conj/Pois/Air  #.......     26%         3    N/A
e - Conjure Flame         Conj/Fire      ##......     22%         3    N/A

Dungeon Overview and Level Annotations

Branches:
Dungeon (3/15)

Altars:
Dithmenos
Elyvilon
Qazlal
Uskayaw
Yredelemnul

Annotations:
D:2 exclusion: adder


Innate Abilities, Weirdness & Mutations

You do not eat or drink.
Your flesh is vulnerable to fire.
You are immune to poison.
Your flesh is cold resistant. (rC+)
You are immune to negative energy. (rN+++)
You are immune to unholy pain and torment.
You can survive without breathing.


Message History

* * * LOW HITPOINT WARNING * * *
Unknown command.
Casting: Mephitic Cloud (safe; 26% risk of failure)
Confirm with . or Enter, or press ? or * to list all spells.
Aiming: Mephitic Cloud (safe; 26% risk of failure)
Press: ? - help, Shift-Dir - straight line The ball explodes into a vile cloud!
The stinking cloud engulfs something.
Something hits you.
* * * LOW HITPOINT WARNING * * *
Casting: Mephitic Cloud (safe; 26% risk of failure)
Confirm with . or Enter, or press ? or * to list all spells.
Aiming: Mephitic Cloud (safe; 26% risk of failure)
Press: ? - help, Shift-Dir - straight line You miscast Mephitic Cloud.
You are very lightly contaminated with residual magic.
Nothing appears to happen.
You hear some strange, mumbled words.
A puff of flame appears from out of thin air!
The puff of flame hits you!
You die...

#....###.....P# ######
#######....##..≈≈≈).########.....
#....##.......≈≈≈≈≈≈...<.....####
#.............P≈≈≈≈P.#.#######
#....#.....#.#.≈≈≈≈P##)...# #
##########.......P..(....## #_##
###.##.########..##8...8 #.....#
##.##..... ####.@### #.#8....!
#....# ####..... #.##.# ##8...8
#.##.### ##_## #.##..%## #####
##..###..# ##...#
#.....##.######...##
#.....##o...##..#.#
#......####†##.##.##


You could see an orc.

Vanquished Creatures
  A worker ant zombie (D:3)
  4 adders
  An adder zombie (D:3)
  A worm (D:3)
  2 dart slugs
  A leopard gecko (D:2)
  4 orcs (D:3)
  A ball python (D:1)
  4 bats
  2 giant cockroaches (D:2)
  8 hobgoblins
  A quokka (D:2)
  A frilled lizard (D:1)
  10 goblins
  6 kobolds
  4 rats
  2 withered plants (D:3)
53 creatures vanquished.

Vanquished Creatures (collateral kills)
  An adder (D:3)
  A dart slug (D:2)
  A worm (D:2)
  A hobgoblin (D:1)
4 creatures vanquished.

Grand Total: 57 creatures vanquished

Notes
Turn   | Place    | Note
-------+----------+-------------------------------------------
     0 | D:1      | UristPineapples the Mummy Wizard began the quest for the Orb.
     0 | D:1      | Reached XP level 1. HP: 13/13 MP: 5/5
   355 | D:1      | Reached XP level 2. HP: 19/19 MP: 2/7
   359 | D:1      | Learned a level 2 spell: Call Imp
   362 | D:1      | Learned a level 2 spell: Blink
   468 | D:1      | Reached skill level 1 in Conjurations
  1432 | D:2      | Reached skill level 5 in Spellcasting
  1603 | D:2      | Reached XP level 3. HP: 24/24 MP: 5/9
  1683 | D:2      | Learned a level 3 spell: Mephitic Cloud
  1687 | D:2      | Learned a level 3 spell: Conjure Flame
  2041 | D:2      | Found a hide-covered altar of Uskayaw.
  3002 | D:3      | Found a shadowy altar of Dithmenos.
  3050 | D:3      | Noticed an ice beast
  3065 | D:3      | Reached XP level 4. HP: 24/30 MP: 9/11
  3253 | D:3      | Found a stormy altar of Qazlal.
  3342 | D:3      | Found a white marble altar of Elyvilon.
  3451 | D:3      | Found a basalt altar of Yredelemnul.
  3920 | D:3      | Upgraded the game from 0.21-a0-417-g0adc95b to 0.22-a0-271-gc000056
  3938 | D:3      | Reached skill level 6 in Spellcasting
  4291 | D:3      | Killed from afar by an orc wizard

Vault maps used:
D:1:      dpeg_arrival_solitude
D:2:      old_standard_altar, first_bread
D:3:      kennysheep_ying_yang, nicolae_overflow_hidden_temple, serial_undead,
          serial_undead_f, serial_undead_d, serial_undead_f, serial_undead_b

Skill      XL: |  1  2  3  4 |
---------------+-------------+-----
Conjurations   | 1 2 |  2.0
Spellcasting   | 5 6 |  6.2
Dodging        | |  1.7
Stealth        | |  1.5
Summonings     | |  0.7
Translocations | |  0.7

Action                   |  1- 3 |  4- 6 || total
-------------------------+-------+-------++-------
Melee: Club              |     7 |       ||     7
       Dagger            |    14 |   262 ||   276
 Fire: Blowgun           |       |    35 ||    35
Throw: Stone             |    21 |     1 ||    22
       Javelin           |     4 |     4 ||     8
 Cast: Magic Dart        |    76 |     3 ||    79
       Call Imp          |     7 |       ||     7
       Mephitic Cloud    |     2 |     5 ||     7
       Conjure Flame     |       |     4 ||     4
  Use: Scroll            |     5 |       ||     5
 Stab: Sleeping          |     2 |       ||     2
       Confused          |     1 |       ||     1
Armor: Robe              |    10 |     3 ||    13
Dodge: Dodged            |    39 |    27 ||    66

Table legend:
 A = Spawn XP
 B = Non-spawn XP
 C = Spawn XP percentage of total XP
 D = Spawn monster count
 E = Non-spawn monster count
 F = Spawn count percentage of total count
 G = Total turns spent on level
                    A         B        C        D         E        F      G
               +---------+---------+-------+---------+---------+-------+---------
         Total |       0 |     177 |   0.0 |       0 |      55 |   0.0 |  4291
               +---------+---------+-------+---------+---------+-------+---------
           D:1 |       0 |      32 |   0.0 |       0 |      19 |   0.0 |  1377
           D:2 |       0 |      61 |   0.0 |       0 |      18 |   0.0 |  1735
           D:3 |       0 |      84 |   0.0 |       0 |      18 |   0.0 |  1179
               +---------+---------+-------+---------+---------+-------+---------
